 Dungeon Crawl Stone Soup version 0.32-a0-450-g080537f31e (webtiles) character file.

Game seed: 10474667803246057921

10 Dittersdorf the Covered (level 2, -1/19 HPs)
             Began as a Gargoyle Fighter on Feb 23, 2024.
             Slain by a gnoll
             ... wielding a +2 heavy spear
              (6 damage)
             ... on level 1 of the Dungeon.
             The game lasted 00:00:15 (246 turns).

Dittersdorf the Covered (Gargoyle Fighter)           Turns: 246, Time: 00:00:15

Health: -1/19      AC:  9    Str: 19    XL:     2   Next: 20%
Magic:  2/2        EV:  9    Int:  8    God:
Gold:   41         SH:  4    Dex:  9    Spells: 1/1 levels left

rFire   . . .        a - +0 flail
rCold   . . .        c - +0 buckler
rNeg    + . .        b - +0 scale mail
rPois   ∞            (no helmet)
rElec   +            (no cloak)
rCorr   .            (no gloves)
SInv    .            (no boots)
Will    .....        (no amulet) Stlth
                     (no ring)
HPRegen 0.23/turn    (no ring)
MPRegen 0.08/turn

%: no passive effects
@: no status effects
A: sickness immunity, AC +2, negative energy resistance 1, electricity
resistance, torment resistance 1, petrification resistance
a: no special abilities


You were on level 1 of the Dungeon.
You visited 1 branch of the dungeon, and saw 1 of its levels.

You collected 41 gold pieces.

Inventory:

Hand Weapons
 a - a +0 flail (weapon)
Armour
 b - a +0 scale mail (worn)
 c - a +0 buckler (worn)
Scrolls
 e - a scroll of identify {unknown}
 g - a scroll of enchant weapon {unknown}
 h - a scroll of teleportation {unknown}
 i - a scroll of immolation {unknown}
Potions
 d - 2 potions of might
 f - a potion of cancellation {unknown}


   Skills:
 + Level 3.4 Fighting
 + Level 2.2 Maces & Flails
 + Level 3.5 Armour
 + Level 3.4 Shields


You had one spell level left.
You didn't know any spells.
Your spell library was empty.

Dungeon Overview and Level Annotations

Branches:
Dungeon (1/15)

Altars:


Innate Abilities, Weirdness & Mutations

You are immune to sickness and miasma.
Your stone body is resilient. (AC +2)
You are immune to poison.
You resist negative energy. (rN+)
You are resistant to electric shocks. (rElec)
You are resistant to unholy torment.
You are immune to petrification.


Message History

A gnoll comes into view. It is wielding a +2 heavy spear.
The gnoll shouts!
The gnoll closely misses you.
A gnoll is nearby!
You closely miss the gnoll.
The gnoll hits you with a +2 heavy spear!
You hit the gnoll.
The gnoll is moderately wounded.
The gnoll hits you with a +2 heavy spear.
* * * LOW HITPOINT WARNING * * *
You are too injured to fight recklessly!
You are too injured to fight recklessly!
You are too injured to fight recklessly!
You are too injured to fight recklessly!
You are too injured to fight recklessly!
You are too injured to fight recklessly!
You are too injured to fight recklessly!
You are too injured to fight recklessly!
You are too injured to fight recklessly!
You are too injured to fight recklessly!
You are too injured to fight recklessly!
You are too injured to fight recklessly!
You are too injured to fight recklessly!
You are too injured to fight recklessly!
You are too injured to fight recklessly!
You are too injured to fight recklessly!
You are too injured to fight recklessly!
You are too injured to fight recklessly!
You are too injured to fight recklessly!
A gnoll is nearby!
You barely miss the gnoll.
The gnoll is moderately wounded.
You block the gnoll's attack.
You hit the gnoll but do no damage.
The gnoll is moderately wounded.
You block the gnoll's attack.
You closely miss the gnoll.
The gnoll is moderately wounded.
The gnoll hits you with a +2 heavy spear.
You die...

#######.##.#
#..# #.#.##
##.##.# #..#
♣.♣.#
#.....# #..#
#...##
#..#### #..#
####.) #..#
#..# #.#
#..# #..#
#.# #..#
#.># #.#
#..######..
#.#
#..@g......
..#
##########.
###


You could see a gnoll.

Vanquished Creatures
  3 ball pythons (D:1)
  3 goblins (D:1)
  2 frilled lizards (D:1)
  2 rats (D:1)
10 creatures vanquished.

Notes
Turn   | Place    | Note
-------+----------+-------------------------------------------
     0 | D:1      | Dittersdorf the Gargoyle Fighter began the quest for the
                  | Orb.
     0 | D:1      | Reached XP level 1. HP: 14/14 MP: 1/1
    99 | D:1      | Reached XP level 2. HP: 19/19 MP: 2/2
   246 | D:1      | Slain by a gnoll

Illustrated notes

Levels and vault maps discovered:
D:1:      minmay_arrival_stair_chambers, layout_loops_ring, serial_forest,
          infiniplex_forest_clump_small, infiniplex_forest_lined_corner,
          infiniplex_forest_side_room, infiniplex_forest_lined_corner,
          infiniplex_forest_lined_2, infiniplex_forest_fountain,
          infiniplex_forest_zigzag_2, infiniplex_forest_lined_room_2,
          grunt_decor_cap

Action                     || total
---------------------------++-------
  Melee: Flail             ||    40
 Armour: Scale mail        ||    27
  Dodge: Dodged            ||    20
  Block: Buckler           ||     8

Table legend: (Time is in decaauts)
 A = Elapsed time spent in this place.
 B = Non-inter-level travel time spent in this place.
 C = Inter-level travel time spent in this place.
 D = Time resting spent in this place.
 E = Time spent auto-exploring this place.
 F = Levels seen in this place.
 G = Mean time per level.
                   A        B        C        D        E       F      G
               +--------+--------+--------+--------+--------+-----+--------+
         Total |    258 |    258 |      0 |      0 |    179 |   1 |  258.0 |
       Dungeon |    258 |    258 |      0 |      0 |    179 |   1 |  258.0 |
               +--------+--------+--------+--------+--------+-----+--------+

Top non-repeatable levels by time:
     D:1: 258 daAuts
